 Dungeon Crawl Stone Soup version 0.19.5 (console) character file.

1120 Kloppie the Slasher (level 8, -1/70 HPs)
             Began as a Minotaur Fighter on Mar 12, 2017.
             Was an Initiate of Elyvilon.
             Slain by Nubser's ghost (16 damage)
             ... on level 5 of the Dungeon.
             The game lasted 00:05:32 (4118 turns).

Kloppie the Slasher (Minotaur Fighter)              Turns: 4118, Time: 00:05:33

Health: -1/70      AC: 11    Str: 22    XL:     8   Next: 12%
Magic:  7/7        EV:  9    Int:  5    God:    Elyvilon [......]
Gold:   136        SH: 10    Dex: 11    Spells: 0 memorised, 7 levels left

rFire  . . .     SeeInvis .     a - +0 long sword
rCold  . . .     Gourm    .     b - +0 scale mail
rNeg   . . .     Faith    .     c - +0 shield
rPois  .         Spirit   .     (helmet restricted)
rElec  .         Reflect  .     n - +0 cloak
rCorr  .         Harm     .     r - +0 pair of gloves
MR     .....                    z - +0 pair of boots
Stlth  ..........               (no amulet)
                                (no ring)
                                (no ring)

@: no status effects
A: retaliatory headbutt, horns 2
a: Renounce Religion


You were on level 5 of the Dungeon.
You worshipped Elyvilon.
Elyvilon was noncommittal.
You were hungry.

You visited 2 branches of the dungeon, and saw 6 of its levels.

You collected 136 gold pieces.

Inventory:

Hand Weapons
 a - a +0 long sword (weapon)
Armour
 b - a +0 scale mail (worn)
 c - a +0 shield (worn)
 n - a +0 cloak (worn)
 r - a +0 pair of gloves (worn)
 z - a +0 pair of boots (worn)
Wands
 g - a wand of lightning (5/15)
Scrolls
 e - 2 scrolls of teleportation {unknown}
 h - 2 scrolls of fog {unknown}
 l - 3 scrolls of identify {unknown}
 o - 3 scrolls of blinking {unknown}
 q - a scroll of immolation {unknown}
 s - 3 scrolls of enchant armour {unknown}
 y - a scroll of enchant weapon {unknown}
Potions
 d - a potion of lignification {unknown}
 k - 3 potions of flight {unknown}
 m - a potion of haste {unknown}
 p - 2 potions of degeneration {unknown}
 v - 3 potions of agility {unknown}
 x - a potion of heal wounds {unknown}
Books
 u - a book of Misfortune

   Spells                             Type                      Level
   a - Confusing Touch                Hexes                        1
   b - Confuse                        Hexes                        3
   c - Gell's Gravitas                Hexes/Translocation          3
   d - Petrify                        Transmutation/Earth          4
   e - Metabolic Englaciation         Hexes/Ice                    5
   f - Yara's Violent Unravelling     Hexes/Transmutation          5
 w - a book of Cantrips

   Spells                             Type                      Level
   a - Confusing Touch                Hexes                        1
   b - Animate Skeleton               Necromancy                   1
   c - Summon Small Mammal            Summoning                    1
   d - Apportation                    Translocation                1
Comestibles
 f - 4 bread rations
 i - 3 fruits
 j - a slice of pizza
 A - 2 chunks of flesh


   Skills:
 - Level 6.1 Fighting
 + Level 7.1 Long Blades
 - Level 5.9 Armour
 * Level 2.9 Dodging
 - Level 6.3 Shields


You had 7 spell levels left.
You didn't know any spells.

Dungeon Overview and Level Annotations

Branches:
Dungeon (5/15)             Temple (1/1) D:4

Altars:
Ashenzari
Cheibriados
Dithmenos
Elyvilon
Gozag
Makhleb
Nemelex Xobeh
Okawaru
Qazlal
Ru
Sif Muna
Trog
Xom
Yredelemnul
The Shining One

Annotations:
D:5 Nubser's ghost, amateur DsSu


Innate Abilities, Weirdness & Mutations

You reflexively headbutt those who attack you in melee.
You have a pair of horns on your head.


Message History

The quokka bites you but does no damage.
The river rat bites you but does no damage.
The river rat barely misses you.
Nubser's ghost hits you but does no damage.
You hit the river rat but do no damage. You block the quokka's attack.
The river rat bites you!
* * * LOW HITPOINT WARNING * * *
The river rat bites you but does no damage.
Nubser's ghost closely misses you.
The quokka bites you but does no damage.
You slash the river rat! You headbutt the river rat.
You kill the river rat!
The river rat's corpse disappears in a puff of smoke!
You block the quokka's attack. You block the river rat's attack.
Nubser's ghost hits you.
* * * LOW HITPOINT WARNING * * *
Nubser's ghost hits you.
* * * LOW HITPOINT WARNING * * *
You are electrocuted!
You die...

#............# ♣
#............# ♣♣♣♣
#............# .♣.♣♣
#.#'#...[....#
♣...♣♣#.#.####.#.#.#
♣♣♣..♣#.#.....<..#.#
♣♣.♣#.#.#####.r#[#
♣..........bWr#.#
♣♣♣#.#..#####@#.#
#..........#.#
#.########.#.#
#..........# ♣
##########.# ♣ #.#
♣♣♣ #.# ..♣♣ #.#
...♣ #.#


You could see Nubser's ghost, a river rat, a quokka and a bat.

Vanquished Creatures
  Sigmund (D:4)
  Duvessa (D:4)
  3 ogres
  A bullfrog (D:5)
  Dowan (D:4)
  A scorpion (D:5)
  2 crimson imps (D:5)
  A hound (D:4)
  2 orc priests (D:4)
  Natasha (thrice) (D:3)
  A worker ant (D:5)
  A hound zombie (D:5)
  4 gnolls (D:3)
  5 adders
  A shadow imp (D:5)
  An ooze (D:2)
  3 worms
  3 dart slugs (D:2)
  4 leopard geckos
  6 orcs
  A giant cockroach (D:2)
  5 goblins
  4 hobgoblins
  12 jackals (D:2)
  3 quokkas (D:2)
  8 bats
  4 frilled lizards
  4 kobolds
  A leopard gecko skeleton (D:5)
  A quokka skeleton (D:5)
  A quokka zombie (D:5)
  7 rats
96 creatures vanquished.

Notes
Turn   | Place    | Note
-------+----------+-------------------------------------------
     0 | D:1      | Kloppie the Minotaur Fighter began the quest for the Orb.
     0 | D:1      | Reached XP level 1. HP: 19/19 MP: 0/0
   262 | D:1      | Reached XP level 2. HP: 27/27 MP: 1/1
   781 | D:2      | Reached skill level 3 in Long Blades
   811 | D:2      | Reached XP level 3. HP: 32/34 MP: 2/2
   890 | D:2      | Reached skill level 5 in Fighting
  1113 | D:2      | Reached XP level 4. HP: 42/42 MP: 3/3
  1396 | D:2      | Reached skill level 4 in Long Blades
  1405 | D:2      | Found a stormy altar of Qazlal.
  1661 | D:3      | Noticed Natasha
  1663 | D:3      | Killed Natasha
  1738 | D:3      | Found a basalt altar of Yredelemnul.
  1749 | D:3      | Found a snail-covered altar of Cheibriados.
  1760 | D:3      | Reached XP level 5. HP: 50/50 MP: 4/4
  1767 | D:3      | Found a bloodstained altar of Trog.
  1769 | D:3      | Noticed Natasha
  1774 | D:3      | Killed Natasha
  1801 | D:3      | Found an opulent altar of Gozag.
  2210 | D:3      | Noticed Natasha
  2211 | D:3      | Killed Natasha
  2362 | D:4      | Noticed an ogre
  2405 | D:4      | Found a sacrificial altar of Ru.
  2431 | D:4      | Noticed Sigmund
  2449 | D:4      | Killed Sigmund
  2449 | D:4      | Reached skill level 5 in Long Blades
  2449 | D:4      | Reached skill level 5 in Armour
  2449 | D:4      | Reached XP level 6. HP: 38/57 MP: 5/5
  2614 | D:4      | Found a staircase to the Ecumenical Temple.
  2634 | D:4      | Reached XP level 7. HP: 24/63 MP: 6/6
  2646 | Temple   | Entered the Ecumenical Temple
  3020 | Temple   | Became a worshipper of Elyvilon the Healer
  3054 | D:4      | Noticed Duvessa
  3056 | D:4      | Noticed Dowan
  3062 | D:4      | Killed Duvessa
  3062 | D:4      | Reached skill level 6 in Long Blades
  3065 | D:4      | Killed Dowan
  3065 | D:4      | Reached skill level 5 in Shields
  3512 | D:5      | Entered Level 5 of the Dungeon
  3858 | D:5      | Reached skill level 1 in Dodging
  3948 | D:5      | Reached skill level 7 in Long Blades
  3948 | D:5      | Reached XP level 8. HP: 70/70 MP: 7/7
  4046 | D:5      | Noticed Nubser's ghost (amateur DsSu)
  4118 | D:5      | Slain by Nubser's ghost

Skill      XL: |  1  2  3  4  5  6  7 |
---------------+----------------------+-----
Fighting       | 4 5 6 |  6.1
Long Blades    | 3 4 5 7 |  7.1
Armour         | 5 |  5.9
Shields        | 4 6 |  6.3
Dodging        | 2 |  2.9

Action                   |  1- 3 |  4- 6 |  7- 9 || total
-------------------------+-------+-------+-------++-------
Melee: Long sword        |    85 |   110 |    88 ||   283
       Headbutt          |    16 |    17 |    21 ||    54
Evoke: Wand              |       |     1 |       ||     1
  Use: Potion            |       |       |     1 ||     1
  Eat: Chunk             |     1 |     4 |     3 ||     8
       Royal jelly       |       |       |     1 ||     1
Armor: Scale mail        |    39 |    36 |    40 ||   115
Dodge: Dodged            |    28 |    26 |    29 ||    83
Block: Shield            |    46 |    63 |    48 ||   157
       Rpst.: Long sword |     8 |     8 |     6 ||    22
